Map: World of Sleepers LE

Players

Awers

  • Race: Terran Terran
  • Spawn Location: 1:00

Denver - Winner!

  • Race: Zerg Zerg
  • Spawn Location: 7:00

Event: IEM Katowice 2020

VOD

Have the link to the VOD?

Description

Time

  • Played on: Feb. 24, 2020, 5:24 a.m.
  • Length: 13:47

All games in this series

Show
View Real Time Build Order
Export as new Build Order

Awers Terran 

Build Orders: Reaper Expand, Mech 

Get SALT Encoding   

  12  0:00  SCV  
  13  0:13  SCV  
  14  0:17  Supply Depot  
  14  0:25  SCV  
  15  0:39  SCV  
  15  0:40  Barracks  
  16  0:46  Refinery  
  16  0:51  SCV  
  17  1:03  SCV  
  18  1:15  SCV  
  19  1:27  Orbital Command  
  19  1:30  Reaper  
  20  1:38  Command Center  
  20  1:47  Supply Depot  
  20  1:53  SCV  
  21  2:01  Marine  
  21  2:05  SCV  
  21  2:07  Factory  
  23  2:17  SCV  
  24  2:24  Barracks Reactor  
  24  2:29  SCV  
  25  2:37  Command Center  
  25  2:41  SCV  
  26  2:53  SCV  
  28  3:00  Orbital Command  
  28  3:04  Starport  
  28  3:05  SCV  
  28  3:07  Refinery  
  28  3:10  Hellion  
  30  3:17  SCV  
  31  3:25  SCV  
  32  3:28  Hellion  
  32  3:29  SCV  
  32  3:31  Hellion  
  37  3:37  SCV  
  37  3:38  Marine  
  39  3:43  SCV  
  40  3:49  SCV, Orbital Command  
  40  3:52  Fusion Core  
  40  3:53  Hellion x2  
  45  3:59  Starport Tech Lab  
  45  4:00  SCV  
  46  4:03  SCV  
  47  4:10  Refinery  
  47  4:12  SCV, Refinery  
  47  4:15  SCV x2  
  50  4:19  Hellion x2  
  50  4:21  Supply Depot  
  54  4:24  SCV  
  54  4:27  SCV x2  
  57  4:37  SCV  
  58  4:39  SCV  
  58  4:41  SCV  
  58  4:43  Battlecruiser  
  66  4:46  Supply Depot  
  66  4:49  SCV  
  66  4:51  SCV  
  66  4:52  Orbital Command  
  68  5:01  SCV  
  68  5:04  Barracks Tech Lab  
  68  5:06  Factory  
  69  5:08  SCV  
  69  5:09  Supply Depot, Factory  
  69  5:13  SCV, Supply Depot  
  71  5:20  SCV, Hellion x2  
  76  5:22  SCV  
  76  5:27  SCV  
  77  5:32  SCV  
  77  5:34  Armory  
  77  5:40  SCV  
  77  5:42  Hellion x2  
  80  5:47  SCV  
  80  5:48  SCV  
  81  5:55  Refinery  
  80  6:00  SCV  
  80  6:04  Hellion x2  
  84  6:06  SCV  
  84  6:11  SCV  
  86  6:13  Starport Reactor, Siege Tank x2  
  86  6:16  Factory  
  86  6:17  SCV, Factory  
  93  6:20  Supply Depot  
  93  6:22  Terran Vehicle Weapons Level 1  
  93  6:23  Supply Depot  
  93  6:30  Refinery  
  93  6:33  SCV x2  
  89  6:43  SCV  
  89  6:46  Siege Tank x2  
  84  6:47  SCV, Hellion x2  
  84  6:49  SCV  
  88  6:55  SCV  
  89  7:02  SCV  
  89  7:03  Factory Tech Lab  
  89  7:04  SCV, Factory Reactor  
  89  7:07  Infernal Pre-Igniter  
  91  7:15  SCV  
  91  7:17  Hellion x2  
  91  7:20  Supply Depot x2, Siege Tank x2  
  100  7:25  Hellion x5  
  100  7:28  SCV  
  101  7:30  Hellion x2  
  101  7:31  SCV  
  101  7:34  Siege Tank  
  105  7:40  SCV, Viking  
  105  7:41  Viking, Engineering Bay  
  105  7:43  SCV, Supply Depot  
  105  7:44  Supply Depot  
  111  7:48  SCV  
  112  7:52  Hellion  
  112  7:53  Hellion x4  
  112  7:57  Thor  
  128  8:04  Supply Depot  
  128  8:05  Supply Depot  
  128  8:09  Siege Tank  
  134  8:20  Hellion x3, Siege Tank  
  146  8:34  Viking  
  146  8:38  Factory  
  146  8:40  Factory  
  142  8:46  Thor, Siege Tank  
  142  8:47  Hellion x2  
  155  8:50  Command Center  
  155  8:52  Siege Tank  
  155  8:54  Hellion x2  
  158  9:08  Hellion x2  
  158  9:09  Terran Vehicle Weapons Level 2  
  162  9:10  SCV  
  162  9:15  Hellion  
  165  9:21  Hellion, Siege Tank  
  165  9:22  Supply Depot  
  172  9:24  Supply Depot x2, Hellion  
  172  9:37  SCV  
  173  9:44  Hellion x4  
  181  9:46  Factory Reactor, Hellion, Factory Tech Lab  
  181  9:56  Thor  
  172  10:15  Hellion x2, Siege Tank  
  179  10:22  Hellion x2, Siege Tank  
  179  10:23  Hellion x2  
  187  10:31  Hellion, Siege Tank  
  188  10:36  Missile Turret  
  167  10:44  Thor  
  167  10:45  Hellion  
  162  10:56  Hellion x2, Siege Tank  
  157  11:08  Hellion x2, Siege Tank  
  156  11:14  SCV, Cyclone, Hellion  
  156  11:16  SCV  
  151  11:28  Hellion x2, Siege Tank  
  150  11:33  Missile Turret  
  148  11:41  Missile Turret  
  148  11:47  Hellion x2, Siege Tank  
  150  11:49  Hellion  
  150  12:05  Hellion x2, Siege Tank  
  155  12:13  Cyclone  
  152  12:17  SCV  
  152  12:21  Hellion  
  152  12:28  SCV  
  151  12:35  SCV, Missile Turret  
  140  12:55  Widow Mine  
  120  13:06  Cyclone  
  120  13:07  Widow Mine x2  
  120  13:08  Orbital Command  
  120  13:09  SCV  
  84  13:21  SCV  
  84  13:24  Hellion  
Show
View Real Time Build Order
Export as new Build Order

Denver Zerg - Winner!

Build Orders: Hatch First, Swarm Host 

Get SALT Encoding   

  12  0:00  Drone  
  13  0:12  Overlord  
  13  0:16  Drone  
  14  0:30  Drone x2  
  16  0:48  Hatchery  
  15  0:52  Drone  
  15  0:55  Drone  
  17  0:58  Drone  
  18  1:09  Extractor  
  17  1:14  Spawning Pool  
  17  1:17  Drone  
  17  1:20  Drone  
  18  1:28  Drone  
  19  1:38  Drone  
  20  1:50  Drone  
  21  2:01  Queen x2  
  21  2:02  Zergling x4  
  27  2:09  Metabolic Boost  
  27  2:10  Overlord  
  27  2:12  Drone  
  28  2:28  Extractor, Drone  
  28  2:29  Drone  
  29  2:32  Drone  
  30  2:37  Queen  
  30  2:39  Drone  
  30  2:44  Overlord  
  33  2:46  Drone  
  34  2:59  Drone  
  34  3:01  Hatchery  
  34  3:05  Drone x3  
  37  3:09  Pneumatized Carapace  
  37  3:15  Drone x2  
  37  3:16  Drone  
  40  3:21  Overlord  
  40  3:25  Drone  
  41  3:31  Queen  
  43  3:35  Drone  
  43  3:37  Overlord  
  44  3:43  Drone x4  
  48  3:48  Overlord  
  48  3:50  Drone x2  
  48  3:51  Drone  
  51  3:56  Queen  
  51  4:02  Drone x2  
  55  4:07  Drone  
  56  4:11  Roach Warren  
  56  4:12  Drone x3  
  56  4:13  Drone  
  59  4:18  Drone x2  
  59  4:21  Queen  
  59  4:24  Zergling x2  
  64  4:27  Overlord  
  64  4:32  Zergling x2  
  64  4:34  Lair  
  64  4:37  Zergling x4  
  64  4:38  Zergling x2  
  68  4:44  Extractor  
  68  4:45  Overlord  
  67  4:48  Drone x3  
  67  4:49  Zergling x2  
  67  4:52  Roach x4  
  79  4:55  Overlord  
  79  4:58  Extractor  
  78  5:02  Drone x2  
  78  5:05  Drone  
  78  5:06  Drone x2  
  83  5:09  Drone  
  83  5:11  Spore Crawler, Extractor  
  83  5:13  Drone x2  
  84  5:19  Drone x3  
  84  5:20  Drone x2  
  89  5:22  Spore Crawler, Drone x2  
  91  5:28  Drone x2  
  91  5:34  Glial Reconstitution, Roach  
  93  5:38  Spire  
  93  5:40  Spore Crawler  
  93  5:41  Extractor  
  89  5:45  Drone x2  
  89  5:48  Drone x2  
  89  5:49  Drone  
  89  5:54  Drone  
  89  5:55  Hatchery, Drone x3  
  89  5:56  Evolution Chamber x2  
  90  6:02  Overlord  
  90  6:03  Zergling x4  
  92  6:07  Overlord  
  90  6:11  Drone x2  
  90  6:18  Overlord  
  91  6:19  Roach x3  
  91  6:21  Overlord x2  
  91  6:23  Overlord  
  97  6:26  Overlord  
  97  6:30  Spore Crawler  
  96  6:38  Drone x7  
  98  6:42  Drone x3  
  98  6:45  Zerg Melee Weapons Level 1, Zerg Missile Weapons Level 1  
  97  6:50  Drone x3  
  97  6:52  Zerg Flyer Weapons Level 1  
  99  6:59  Spore Crawler  
  98  7:03  Drone x2, Baneling Nest  
  98  7:04  Drone  
  98  7:05  Drone x2, Infestation Pit  
  100  7:19  Drone x3  
  100  7:20  Extractor  
  102  7:27  Drone x7  
  107  7:31  Overlord  
  107  7:39  Overlord  
  107  7:40  Hatchery  
  107  7:43  Swarm Host x8  
  130  7:46  Nydus Network  
  130  7:48  Overseer  
  130  7:50  Swarm Host, Centrifical Hooks  
  130  7:51  Swarm Host  
  132  7:57  Overlord  
  135  7:59  Drone  
  135  8:00  Overlord  
  135  8:02  Roach  
  135  8:03  Roach x3  
  135  8:04  Swarm Host  
  149  8:13  Roach x3  
  149  8:18  Zergling x16  
  161  8:24  Corruptor  
  161  8:26  Overlord  
  163  8:28  Nydus Canal  
  163  8:30  Corruptor  
  163  8:31  Corruptor x3  
  171  8:36  Spore Crawler  
  171  8:38  Spore Crawler  
  169  8:42  Corruptor x3  
  169  8:46  Overlord  
  175  8:55  Corruptor x3  
  181  9:08  Overlord  
  181  9:15  Nydus Canal  
  181  9:17  Zerg Melee Weapons Level 2, Zerg Missile Weapons Level 2  
  181  9:19  Overlord  
  181  9:24  Swarm Host x2  
  181  9:30  Extractor  
  186  9:31  Overlord  
  186  9:36  Baneling x10  
  184  9:42  Ravager  
  185  9:49  Ravager x2  
  187  9:53  Hatchery  
  187  9:54  Extractor  
  187  9:55  Extractor  
  187  9:56  Corruptor  
  184  10:01  Ravager x2  
  184  10:02  Zergling x18  
  184  10:05  Swarm Host  
  198  10:13  Ravager x2  
  195  10:14  Overseer  
  195  10:17  Zergling x2  
  195  10:18  Zergling x8  
  195  10:21  Baneling x9  
  193  10:34  Zergling x8  
  193  10:35  Roach x2  
  192  10:44  Roach  
  192  10:45  Roach x5  
  192  10:46  Ravager  
  192  10:47  Ravager x3  
  192  10:48  Zergling x6  
  197  10:55  Roach x2  
  197  10:56  Roach x2  
  200  10:58  Baneling x6  
  198  11:10  Roach x4  
  177  11:20  Zergling x2, Roach x14  
  200  11:30  Ravager x3  
  200  11:38  Roach x2  
  200  11:39  Roach x2  
  200  11:44  Roach x5  
  198  11:51  Ravager x2  
  198  11:52  Ravager  
  192  11:56  Ravager  
  192  12:00  Roach x3  
  199  12:03  Ravager  
  192  12:18  Ravager x4  
  196  12:24  Hatchery, Roach x2  
  197  12:37  Nydus Canal  
  197  12:46  Roach x4  
  195  12:59  Roach Warren  
  191  13:40  Ravager  
  199  13:42  Extractor  

Tags
 
Add a new tag
Caveats
  • Supply blocks, unpowered buildings, or Contaminate may cause inaccurate times.
  • Supply counts are checked every 10 seconds.